 Dungeon Crawl Stone Soup version 0.20-a0-309-gcba9277 (webtiles) character file.

40 gamerape the Skirmisher (level 3, -2/30 HPs)
             Began as a Formicid Abyssal Knight on Dec 17, 2016.
             Was a Follower of Lugonu.
             Killed from afar by an orc wizard (8 damage)
             ... with a magic dart
             ... on level 3 of the Dungeon on Dec 18, 2016.
             The game lasted 00:04:55 (1334 turns).

gamerape the Skirmisher (Formicid Abyssal Knight)   Turns: 1334, Time: 00:04:55

Health: -2/30      AC:  3    Str: 17    XL:     3   Next: 72%
Magic:  4/4        EV:  8    Int: 11    God:    Lugonu [*.....]
Gold:   102        SH:  0    Dex: 10    Spells: 2/2 levels left

rFire  . . .     SeeInvis +     r - +0 great sword
rCold  . . .     Gourm    .     b - +0 leather armour
rNeg   . . .     Faith    .     l - +0 shield
rPois  +         Spirit   .     (helmet unavailable)
rElec  .         Reflect  .     (no cloak)
rCorr  .         Harm     .     (no gloves)
MR     .....                    (no boots)
Stlth  ..........               (no amulet)
                                (no ring)
                                m - ring of poison resistance

@: confused
A: permanent stasis, dig shafts and tunnels, four strong arms, antennae 3
a: Dig, Shaft Self, Depart the Abyss, Renounce Religion


You were on level 3 of the Dungeon.
You worshipped Lugonu.
Lugonu was aware of your devotion.
You were hungry.

You visited 1 branch of the dungeon, and saw 4 of its levels.
You visited the Abyss 1 time.

You collected 102 gold pieces.

Inventory:

Hand Weapons
 a - a +1 falchion
 q - a +1 flail of holy wrath
 r - a +0 great sword (weapon)
Armour
 b - a +0 leather armour (worn)
 l - a +0 shield (worn)
Jewellery
 m - a ring of poison resistance (left hand)
Scrolls
 d - a scroll of enchant armour {unknown}
 e - 2 scrolls of teleportation {unknown}
 g - a scroll of magic mapping {unknown}
 h - 3 scrolls of recharging {unknown}
 j - 3 scrolls of identify {unknown}
 n - 2 scrolls of remove curse {unknown}
Potions
 f - a potion of heal wounds {unknown}
 o - a potion of curing {unknown}
 s - a potion of degeneration {unknown}
Comestibles
 c - 2 bread rations
 i - a meat ration
 k - a beef jerky
 p - a royal jelly
 t - 4 fruits
 u - 3 chunks of flesh


   Skills:
 + Level 4.0 Fighting
 + Level 2.4 Long Blades
 + Level 2.5 Armour
 + Level 1.2 Dodging
 + Level 2.4 Invocations


You had 2 spell levels left.
You didn't know any spells.

Dungeon Overview and Level Annotations

Branches:
Dungeon (4/15)
 Temple: D:4-7

Altars:

Shops:
D:4 %


Innate Abilities, Weirdness & Mutations

You cannot be hasted, slowed, berserked, paralysed or teleported.
You can dig through walls and to a lower floor.
Your four strong arms can wield two-handed weapons with a shield.
You have a pair of large antennae on your head. (SInv)


Message History

You feel less confused. The orc wizard closely misses you.
The orc hits you with a flail! The orc priest closely misses you.
You block the orc wizard's attack.
You closely miss the orc priest.
The orc wizard gestures at you while chanting.
You are confused.
The orc priest calls down the wrath of Beogh upon you.
Beogh smites you! The orc wizard barely misses you.
You closely miss the orc wizard. The orc closely misses you.
The orc wizard hits you but does no damage.
The orc throws an exploding tomahawk.
The exploding tomahawk hits you.
* * * LOW HITPOINT WARNING * * *
The exploding tomahawk explodes!
The explosion of tomahawk fragments engulfs you!
* * * LOW HITPOINT WARNING * * *
The explosion of tomahawk fragments engulfs the orc wizard.
The orc wizard points at you and mumbles some strange words.
The magic dart hits you!
You die...

#############
####$....o@....#
........oo.###....
.###.#####.# . #.#
#.# #.#
#.#####.########
................
.######.########


You could see an orc priest, an orc wizard and an orc.

Vanquished Creatures
  An ooze (D:1)
  A dart slug (D:1)
  A leopard gecko (D:1)
  4 orcs
  A ball python (D:4)
  A bat (D:1)
  A giant cockroach (D:1)
  A goblin (D:1)
  2 hobgoblins
  4 jackals (D:1)
  A quokka (D:3)
  2 frilled lizards (D:1)
  6 kobolds (D:1)
26 creatures vanquished.

Notes
Turn   | Place    | Note
-------+----------+-------------------------------------------
     0 | Abyss:1  | gamerape the Formicid Abyssal Knight began the quest for the Orb.
     0 | Abyss:1  | Reached XP level 1. HP: 18/18 MP: 2/2
    77 | Abyss:1  | Noticed a hellwing
   115 | Abyss:1  | Noticed a small abomination
   129 | Abyss:1  | Noticed an insubstantial wisp
   135 | Abyss:1  | Noticed an efreet
   136 | Abyss:1  | Noticed a large abomination
   136 | D:1      | Escaped the Abyss
   291 | D:1      | Reached XP level 2. HP: 18/25 MP: 3/3
   429 | D:1      | Reached * piety under Lugonu
   819 | D:1      | Reached XP level 3. HP: 15/30 MP: 4/4
   828 | D:1      | Reached skill level 4 in Fighting
   902 | D:1      | Reached skill level 1 in Dodging
  1096 | D:2      | You fall through a shaft for 2 floors!
  1172 | D:4      | Found Xoaveym's Food Shoppe.
  1177 | D:4      | Upgraded the game from 0.20-a0-303-g575bbf7 to 0.20-a0-309-gcba9277
  1334 | D:3      | Killed from afar by an orc wizard

Vault maps used:
D:1:      minmay_arrival_nine_rooms
D:3:      minmay_strange_pillars, uniq_sigmund
D:4:      first_bread, serial_shops, kennysheep_mini, minmay_close_crescents
Abyss:1:  lemuel_firewalk_3

Skill      XL: |  1  2  3 |
---------------+----------+-----
Fighting       | 4 |  4.0
Dodging        | 1 |  1.2
Long Blades    | |  2.4
Armour         | |  2.5
Invocations    | |  2.4

Action                   || total
-------------------------++-------
Melee: Falchion          ||    60
       Great sword       ||    27
Invok: Depart the Abyss  ||     1
  Eat: Chunk             ||     1
Armor: Leather armour    ||    35
Dodge: Dodged            ||    42
Block: Shield            ||    26
       Rpst.: Falchion   ||    14
       Great sword       ||     5
